 Dungeon Crawl Stone Soup version 0.29.0-10-g45618ea6d2 (webtiles) character file.

Game seed: 17059682319381176479

2846 gelatine the Cleaver (level 9, 0/78 HPs)
             Began as a Hill Orc Fighter on Sept 2, 2022.
             Was a Believer of Uskayaw.
             Killed from afar by an electric eel (6 damage)
             ... with a bolt of electricity
             ... on level 8 of the Dungeon.
             The game lasted 00:16:18 (6819 turns).

gelatine the Cleaver (Hill Orc Fighter)             Turns: 6819, Time: 00:16:19

Health: 0/78       AC: 16    Str: 20    XL:     9   Next: 74%
Magic:  9/9        EV: 12    Int: 16    God:    Uskayaw [**....]
Gold:   184        SH:  6    Dex: 20    Spells: 8/8 levels left

rFire   + . .      SeeInvis .   A - +6 war axe of the Fulmar {freeze, Int+6}
rCold   + + .      Faith    .   c - +0 buckler
rNeg    . . .      Spirit   .   B - +5 ring mail of Hadjma {rC++ Will+ rCorr Str-2 Int+3}
rPois   .          Reflect  .   (helmet restricted)
rElec   .          Harm     .   k - +2 cloak
rCorr   +          Rampage  .   (no gloves)
Will    +....                   e - +1 pair of boots
Stlth   ++........              (no amulet)
HPRegen 0.23/turn               m - +6 ring of dexterity
MPRegen 0.11/turn               n - ring of protection from fire

@: mighty
A: beak, agile 1
a: Renounce Religion, Stomp, Line Pass


You were on level 8 of the Dungeon.
You worshipped Uskayaw.
Uskayaw was noncommittal.
You visited 1 branch of the dungeon, and saw 8 of its levels.

You collected 396 gold pieces.
You spent 212 gold pieces at shops.

Inventory:

Hand Weapons
 a - a +0 war axe of draining
 h - a +2 arbalest of flaming
 A - the +6 war axe of the Fulmar (weapon) {freeze, Int+6}
   (You bought it in a shop on level 4 of the Dungeon)

   It freezes those it strikes, dealing additional cold damage.
   It can also slow down cold-blooded creatures.
   Int:       It affects your intelligence (+6).
Missiles
 g - 4 javelins
 t - 8 poisoned darts (quivered)
 C - 5 throwing nets
Armour
 c - a +0 buckler (worn)
 e - a +1 pair of boots (worn)
 i - a +3 scale mail of cold resistance
 k - a +2 cloak (worn)
 r - a +0 chain mail
 B - the +5 ring mail of Hadjma (worn) {rC++ Will+ rCorr Str-2 Int+3}
   (You found it on level 4 of the Dungeon)

   Str:       It affects your strength (-2).
   Int:       It affects your intelligence (+3).
   rC:        It greatly protects you from cold.
   rCorr:     It protects you from acid and corrosion.
   Will:      It increases your willpower.
Jewellery
 m - a +6 ring of dexterity (left hand)
 n - a ring of protection from fire (right hand)
 E - a ring of flight
Wands
 D - a wand of digging (6)
 G - a wand of paralysis (12)
Scrolls
 b - a scroll of identify
 j - 2 scrolls of immolation
 l - 3 scrolls of teleportation
 v - 2 scrolls of fear
Potions
 d - 4 potions of might
 f - a potion of brilliance {unknown}
 p - 2 potions of mutation
 s - a potion of heal wounds
 u - 2 potions of curing {unknown}
 x - 2 potions of lignification {unknown}
 z - a potion of degeneration {unknown}
 F - a potion of flight {unknown}
 H - a potion of resistance {unknown}


   Skills:
 * Level 6.5 Fighting
 * Level 10.8 Axes
 * Level 3.9 Throwing
 * Level 6.1 Armour
 * Level 3.1 Dodging
 + Level 1.9 Stealth
 * Level 5.8 Shields


You had 8 spell levels left.
You didn't know any spells.
Your spell library contained the following spells:

 Spells                   Type           Power      Damage    Failure   Level
 Slow                     Hex            0%         N/A       45%         1
 Confusing Touch          Hex            0%         N/A       83%         3
 Ozocubu's Armour         Ice            0%         N/A       83%         3
 Vampiric Draining        Necr           0%         2d6       83%         3
 Animate Armour           Summ/Erth      0%         N/A       99%         4
 Blade Hands              Tmut           0%         N/A       100%        5
 Iron Shot                Conj/Erth      0%         9d1       100%        6
 Ozocubu's Refrigeration  Ice            0%         4d7       100%        7


Dungeon Overview and Level Annotations

Branches:
Dungeon (8/15)             Temple (0/1) D:4
   Lair: D:8-11

Altars:
Gozag
Sif Muna
Uskayaw
Yredelemnul

Shops:
D:4 [(=*


Innate Abilities, Weirdness & Mutations

You have a beak for a mouth.
You are agile. (Dex +4, Str/Int -1)


Message History

The bolt of electricity hits you! The bolt of electricity misses you.
Found a stone staircase leading down.
The electric eel shoots out a bolt of lightning at you!
The bolt of electricity misses you. The bolt of electricity hits you.
The electric eel shoots out a bolt of lightning at you!
The bolt of electricity hits the electric eel.
The electric eel completely resists.
The bolt of electricity hits you.
* * * LOW HITPOINT WARNING * * *
It was a potion of mutation.
You feel extremely strange.
Your mouth lengthens and hardens into a beak!
You feel agile.
You feel very mighty all of a sudden.
The electric eel shoots out a bolt of lightning at you!
The bolt of electricity hits you but does no damage.
The bolt of electricity hits you!
* * * LOW HITPOINT WARNING * * *
The bolt of electricity hits the electric eel.
The electric eel completely resists.
The bolt of electricity hits the electric eel.
The electric eel completely resists.
It was a potion of heal wounds.
You feel much better.
The electric eel shoots out a bolt of lightning at you!
The bolt of electricity hits you!
* * * LOW HITPOINT WARNING * * *
The bolt of electricity hits you.
* * * LOW HITPOINT WARNING * * *
The bolt of electricity hits the electric eel.
The electric eel completely resists.
The electric eel shoots out a bolt of lightning at you!
The bolt of electricity hits you!
* * * LOW HITPOINT WARNING * * *
You slice the electric eel!!
The electric eel seems to slow down.
You freeze the electric eel.
You kill the electric eel!
You miss the electric eel. You slice the electric eel!!
The electric eel seems to slow down.
You freeze the electric eel.
You kill the electric eel!
The electric eel shoots out a bolt of lightning at you!
The bolt of electricity hits you.
You die...

....#..##..##........
........$.)#.........
...........)).......#
............)<.......
......###.#.)))......
......##...).........
.......#.............
..≈≈≈≈...#........###
.≈≈≈≈≈≈@.#....#..##
≈≈≈.>≈≈S###...#....
≈≈....≈≈≈ ##....#..
≈.8..8.≈≈≈ ...#
8##++##8≈≈. ...
##≈≈≈. #≈≈.. ≈≈...


You could see an electric eel.

Vanquished Creatures
  A slime creature (D:7)
  A steam dragon (D:7)
  2 water moccasins (D:7)
  3 black bears
  2 ice beasts
  2 ogres (D:4)
  3 phantoms
  A kobold brigand (D:8)
  2 bullfrogs (D:7)
  A gnoll sergeant (D:5)
  2 scorpions
  A necrophage (D:7)
  A killer bee (D:7)
  A howler monkey (D:6)
  4 electric eels
  4 hounds
  A jelly (D:7)
  3 orc priests
  2 gnoll boudas (D:7)
  2 iguanas
  Natasha (thrice) (D:3)
  5 orc wizards
  13 gnolls
  9 adders
  6 white imps
  3 worms
  A dart slug (D:3)
  21 orcs
  4 ball pythons
  3 endoplasms
  2 giant cockroaches
  3 goblins
  6 hobgoblins
  2 jackals (D:4)
  4 quokkas (D:3)
  7 bats
  12 frilled lizards
  10 kobolds
  5 rats
158 creatures vanquished.

Vanquished Creatures (others)
  A kobold (D:8)
  18 plants
19 creatures vanquished.

Grand Total: 177 creatures vanquished

Notes
Turn   | Place    | Note
-------+----------+-------------------------------------------
     0 | D:1      | gelatine the Hill Orc Fighter began the quest for the Orb.
     0 | D:1      | Reached XP level 1. HP: 19/19 MP: 1/1
    48 | D:1      | Found a faded altar of an unknown god.
    54 | D:1      | Prayed at the altar of an unknown god.
    54 | D:1      | Became a worshipper of Uskayaw the Reveller
    54 | D:1      | Reached * piety under Uskayaw
  1033 | D:2      | Reached XP level 2. HP: 26/27 MP: 2/2
  1056 | D:2      | Reached ** piety under Uskayaw
  1272 | D:2      | Reached skill level 3 in Axes
  1361 | D:2      | Reached XP level 3. HP: 30/33 MP: 3/3
  2749 | D:3      | Noticed Natasha
  2761 | D:3      | Killed Natasha
  2762 | D:3      | Reached XP level 4. HP: 19/40 MP: 4/4
  2836 | D:3      | Noticed Natasha
  2844 | D:3      | Killed Natasha
  2845 | D:3      | Reached skill level 4 in Axes
  3146 | D:3      | Noticed Natasha
  3148 | D:3      | Killed Natasha
  3149 | D:3      | Reached skill level 1 in Throwing
  3149 | D:3      | Reached XP level 5. HP: 45/46 MP: 5/5
  3318 | D:4      | Reached skill level 1 in Dodging
  3366 | D:4      | Found Inuennom's Armour Shoppe.
  3378 | D:4      | Found a staircase to the Ecumenical Temple.
  3390 | D:4      | Noticed an ogre
  3397 | D:4      | Killed an ogre
  3397 | D:4      | Reached *** piety under Uskayaw
  3455 | D:4      | Found Ufahe's Antique Weapon Emporium.
  3479 | D:4      | Found Osaujun's Assorted Antiques.
  3480 | D:4      | Found Qoge's Jewellery Shop.
  3481 | D:4      | Noticed a phantom
  3493 | D:4      | Killed a phantom
  3494 | D:4      | Reached XP level 6. HP: 41/53 MP: 6/6
  3497 | D:4      | Reached **** piety under Uskayaw
  3498 | D:4      | Reached skill level 5 in Axes
  3920 | D:4      | Bought an encrusted war axe for 212 gold pieces
  3920 | D:4      | Identified the +6 war axe of the Fulmar {freeze, Int+6}
                  | (You bought it in a shop on level 4 of the Dungeon)
  3993 | D:4      | Reached XP level 7. HP: 60/60 MP: 7/7
  4266 | D:4      | Identified the +5 ring mail of Hadjma {rC++ Will+ rCorr
                  | Str-2 Int+3}
  4686 | D:5      | Entered Level 5 of the Dungeon
  4695 | D:5      | Reached skill level 6 in Axes
  4988 | D:5      | Reached skill level 1 in Stealth
  5002 | D:5      | Reached skill level 7 in Axes
  5116 | D:5      | Reached skill level 5 in Fighting
  5133 | D:5      | Reached XP level 8. HP: 68/68 MP: 8/8
  5324 | D:6      | Found an opulent altar of Gozag.
  5325 | D:6      | Found a basalt altar of Yredelemnul.
  5326 | D:6      | Found a shimmering blue altar of Sif Muna.
  5501 | D:6      | Reached skill level 5 in Armour
  5610 | D:6      | Reached skill level 8 in Axes
  5837 | D:7      | Reached skill level 5 in Shields
  5956 | D:7      | Noticed a slime creature
  5965 | D:7      | Killed a slime creature
  5966 | D:7      | Reached skill level 9 in Axes
  5966 | D:7      | Reached XP level 9. HP: 75/75 MP: 9/9
  6104 | D:7      | Reached skill level 10 in Axes
  6190 | D:7      | Reached ***** piety under Uskayaw
  6816 | D:8      | Gained mutation: You have a beak for a mouth. [potion of
                  | mutation]
  6816 | D:8      | Gained mutation: You are agile. (Dex +4, Str/Int -1)
                  | [potion of mutation]
  6819 | D:8      | Killed from afar by an electric eel

Illustrated notes

Levels and vault maps discovered:
D:1:      dpeg_arrival_refuge, layout_basic, ebering_ecumenical_altar_webs
D:2:      layout_loops_ring, serial_bayou, serial_bayou_pond_d,
          serial_bayou_shore_a, serial_bayou_pond_c, serial_bayou_pond_d,
          serial_bayou_lagoon_a
D:3:      layout_basic, uniq_natasha
D:4:      layout_layer_cave, minmay_temple_entry_enclosed_plants, serial_shops,
          nicolae_stop_n_shop_2, shop_fountains, shop, nicolae_stop_n_shop_1,
          minmay_lizard_king
D:5:      layout_rooms
D:6:      layout_basic, chequers_temple_overflow_statue_of_worship
D:7:      nzn_winding_woodlands_cross
          [nzn_winding_woodlands_5x15_river_crossing,
          nzn_winding_woodlands_5x15_crooked, nzn_winding_woodlands_5x15_cabin,
          nzn_winding_woodlands_5x15_longhouse,
          nzn_winding_woodlands_15x15_eel_pit], layout_rooms, chequers_avenue
D:8:      layout_cave_pools, erik_lair_orcish_takeover, kennysheep_island_fort

Skill      XL: |  1  2  3  4  5  6  7  8  9 |
---------------+----------------------------+-----
Axes           | 3 4 5 7 9 10 | 10.8
Fighting       | 4 5 6 |  6.5
Armour         | 4 5 6 |  6.1
Throwing       | 1 2 3 |  3.9
Dodging        | 1 2 3 |  3.1
Shields        | 4 5 |  5.8
Stealth        | 1 |  1.9

Action                   |  1- 3 |  4- 6 |  7- 9 || total
-------------------------+-------+-------+-------++-------
Melee: War axe           |   106 |    44 |   207 ||   357
Throw: Javelin           |    20 |    14 |     4 ||    38
       Dart              |       |     6 |       ||     6
Invok: Stomp             |       |       |     1 ||     1
  Use: Scroll            |       |       |    11 ||    11
       Potion            |       |       |     3 ||     3
 Stab: Paralysed         |       |     3 |    13 ||    16
       Sleeping          |       |       |     1 ||     1
Armor: Scale mail        |    51 |    19 |     6 ||    76
       Ring mail         |       |       |    84 ||    84
Dodge: Dodged            |    66 |    20 |   102 ||   188
Block: Buckler           |    20 |    20 |    47 ||    87
